cohdb
Replays
Latest Replays
All Replays
Popular Replays
Top Player Replays
Match Explorer
How It Works
Community
CoH3 Stats
Reddit
Sign in to upload your games and track your stats! →
Sign in with Steam
Match 23218456
Unlisted
Match 23218456
Overview
Messages
Build Orders
End
Selects Italian Combined Arms Battlegroup
Selects Bersaglieri Squad
Bersaglieri Squad
250 Light Carrier
Construct Light Support Kompanie
Panzerjäger Squad
MG34 Team
Fire Support Elements
Flakvierling Half-track
le.IG 18 Support Gun Team
Pak 38 Anti-tank Gun Team
Construct Panzerarmee Kommand
Panzerpioneer Squad
2.5-tonne Medical Truck
Selects Semovente da 75/18 Assault Gun
Armored Reserves
Panzer IV Assault Group
Selects Bersaglieri Bolster
Flak 36 Anti-tank Gun Team
Selects Carro Armato M13/40 Light Tank
Selects Artillery Cover
Artillery Cover
Tiger Heavy Tank
Emergency Repair Kits
Advanced Optics
Artillery Cover
SØLÐIER ®
Bitler
Raton Râleur
SneaKerz
davidadush
gb_gbg
0
0
Comments
sign in to comment!
No comments posted yet!